 Dungeon Crawl Stone Soup version 0.29.0-4-gdea44cf6ec (webtiles) character file.

Game seed: 16940330706043760555

287 qw the Chopper (level 6, -3/38 HPs)
             Began as a Gargoyle Fighter on Sept 9, 2022.
             Slain by a wight
             ... wielding a +5 halberd
              (9 damage)
             ... on level 7 of the Dungeon.
             The game lasted 00:01:04 (3071 turns).

qw the Chopper (Gargoyle Fighter)                   Turns: 3071, Time: 00:01:05

Health: -3/38      AC: 15    Str: 22    XL:     6   Next: 30%
Magic:  6/6        EV:  6    Int:  8    God:
Gold:   124        SH:  4    Dex:  9    Spells: 5/5 levels left

rFire   . . .      SeeInvis .   Y - +0 war axe
rCold   . . .      Faith    .   c - +0 buckler
rNeg    + . .      Spirit   .   j - +0 plate armour
rPois   inf        Reflect  .   (no helmet)
rElec   +          Harm     .   (no cloak)
rCorr   .          Rampage  .   (no gloves)
Will    ++...                   (no boots)
Stlth   ..........              (no amulet)
HPRegen 0.12/turn               g - ring of willpower
MPRegen 0.10/turn               k - ring of willpower

@: no status effects
A: sickness immunity, AC +4, negative energy resistance 1, electricity
resistance, torment resistance 1, petrification resistance
a: no special abilities


You were on level 7 of the Dungeon.
You visited 1 branch of the dungeon, and saw 5 of its levels.

You collected 124 gold pieces.


Innate Abilities, Weirdness & Mutations

You are immune to sickness and miasma.
Your stone body is resilient. (AC +4)
You are immune to poison.
You resist negative energy. (rN+)
You are resistant to electric shocks. (rElec)
You are resistant to unholy torment.
You are immune to petrification.


   Skills:
 - Level 4.1 Fighting
 + Level 5.5 Axes
 - Level 3.2 Armour
 - Level 3.2 Shields


You had 5 spell levels left.
You didn't know any spells.
Your spell library was empty.

Inventory:

Hand Weapons
 n - a +0 mace
 p - a +5 mace
 Y - a +0 war axe (weapon)
Missiles
 m - 4 boomerangs (quivered)
Armour
 c - a +0 buckler (worn)
 j - a +0 plate armour (worn)
Jewellery
 g - a ring of willpower (left hand)
 i - an amulet of reflection
 k - a ring of willpower (right hand)
Scrolls
 b - a scroll of identify
Potions
 a - a potion of resistance {unknown}
 d - a potion of might
 e - a potion of attraction
 f - a potion of flight {unknown}
 h - 2 potions of curing
 l - a potion of invisibility {unknown}
 o - a potion of lignification {unknown}

Dungeon Overview and Level Annotations

Branches:
Dungeon (4/15)
 Temple: D:4-7

Altars:
Gozag

Annotations:
D:7 2 transporters, qw's ghost, novice MiFi


Message History

The curare-tipped dart hits you. The wight hits you but does no damage.
The wight hits you from afar with a +5 halberd!
The kobold brigand throws a curare-tipped dart.
The curare-tipped dart closely misses you.
You hit the wight but do no damage.
The wight is moderately damaged.
The wight hits you from afar with a +5 halberd.
The wight hits you with a +0 hand axe.
The kobold brigand throws a curare-tipped dart.
The curare-tipped dart barely misses you.
You hit the wight.
The wight is heavily damaged.
The wight hits you from afar with a +5 halberd!
The wight completely misses you.
The kobold brigand throws a curare-tipped dart.
The curare-tipped dart hits you.
You slash the wight!
You destroy the wight!
You block the wight's attack.
Found 5 stones and a leather armour.
The kobold hits you but does no damage. You block the wight's attack.
You hit the wight but do no damage. You barely miss the kobold.
You closely miss the kobold. The kobold hits you but does no damage.
The wight barely misses you.
The kobold hits you but does no damage. x2; The wight closely misses you.
You closely miss the kobold brigand. You barely miss the wight.
You hit the kobold but do no damage. The kobold hits you but does no damage.
The wight hits you with a +5 halberd.
The kobold brigand hits you with a +0 dagger.
You hit the kobold brigand but do no damage.
You closely miss the wight. You barely miss the kobold.
You closely miss the kobold. You hit the kobold.
You kill the kobold!
The wight hits you with a +5 halberd. The kobold hits you but does no damage.
The kobold barely misses you.
The kobold brigand hits you but does no damage.
You closely miss the kobold brigand. You hit the wight but do no damage.
You hit the kobold. You closely miss the kobold.
The wight hits you with a +5 halberd!
You die...

.......# ...##.## #...
....#..##### #### ...[
........##.## #..#.....
.##....##...# (..#.....
.##.........# ##........
............###........#
..........#..##)Kz......
##.......##..##.@K..##.
#......###..##..K......
#............[).......##
.......#............###
.....#.###...........#
###...........
#....#.......
.....##.....# .......
.....


You could see a kobold brigand, a wight and 2 kobolds.

Vanquished Creatures
  3 wights (D:7)
  Natasha (D:2)
  An orc wizard (D:3)
  3 adders (D:2)
  2 worms
  7 orcs (D:3)
  An endoplasm (D:2)
  2 giant cockroaches (D:1)
  2 goblins
  2 hobgoblins
  6 jackals
  4 kobolds
  A quokka (D:2)
  4 ball pythons (D:1)
  3 bats
  2 frilled lizards (D:1)
  6 rats
50 creatures vanquished.

Notes
Turn   | Place    | Note
-------+----------+-------------------------------------------
     0 | D:1      | qw the Gargoyle Fighter began the quest for the Orb.
     0 | D:1      | Reached XP level 1. HP: 14/14 MP: 1/1
     0 | D:1      | 0 ||| qw: Version: 0.1-a-113-g051387a
     0 | D:1      | 0 ||| qw: Game counter: 6968
     0 | D:1      | 0 ||| qw: Always use a shield: true
     0 | D:1      | 0 ||| qw: God list: Okawaru
     0 | D:1      | 0 ||| qw: Allow faded altars: false
     0 | D:1      | 0 ||| qw: Do Orc after D:15 true
     0 | D:1      | 0 ||| qw: Do second Lair branch before Depths: true
     0 | D:1      | 0 ||| qw: Lair rune preference: random
     0 | D:1      | 0 ||| qw: Plans: Normal, Zot, God:TSO, Crypt, Tomb, Zig,
                  | Orb
     0 | D:1      | 0 ||| PLANNING D:1-11
    99 | D:1      | Reached skill level 2 in Axes
   167 | D:1      | Found a faded altar of an unknown god.
   363 | D:1      | Reached XP level 2. HP: 19/19 MP: 2/2
   442 | D:1      | 442 ||| Stepping ~*~*~tactically~*~*~ (stealth).
   594 | D:1      | 594 ||| UPGRADING to ring of willpower.
   595 | D:1      | 595 ||| READING scroll labelled FIMIXK MOZXI.
   596 | D:1      | 596 ||| READING scroll labelled REOGHE SILEVIC.
   597 | D:1      | 597 ||| DRINKING 2 sapphire potions.
   628 | D:2      | 628 ||| STAIRDANCE
   743 | D:2      | Reached skill level 3 in Axes
   743 | D:2      | Reached XP level 3. HP: 23/23 MP: 3/3
   750 | D:2      | Found an opulent altar of Gozag.
   797 | D:2      | 797 ||| Stepping ~*~*~tactically~*~*~ (hiding).
   993 | D:2      | 993 ||| Stepping ~*~*~tactically~*~*~ (stealth).
  1014 | D:2      | 1014 ||| Stepping ~*~*~tactically~*~*~ (stealth).
  1016 | D:2      | 1016 ||| Stepping ~*~*~tactically~*~*~ (stealth).
  1017 | D:2      | 1017 ||| Stepping ~*~*~tactically~*~*~ (stealth).
  1264 | D:2      | Noticed Natasha
  1269 | D:2      | Killed Natasha
  1270 | D:2      | Reached XP level 4. HP: 26/28 MP: 4/4
  1271 | D:2      | Reached skill level 4 in Axes
  1286 | D:2      | 1286 ||| Stepping ~*~*~tactically~*~*~ (stealth).
  1659 | D:2      | 1659 ||| DROPPING scarf of invisibility.
  1660 | D:2      | 1660 ||| UPGRADING to +0 plate armour.
  1670 | D:2      | 1670 ||| DROPPING +0 scale mail.
  1671 | D:2      | 1671 ||| UPGRADING to ring of willpower.
  1672 | D:2      | 1672 ||| READING scroll labelled KETAIB ACUNN.
  1673 | D:2      | 1673 ||| READING scroll labelled BIMAWU VOGU.
  1674 | D:2      | 1674 ||| READING scroll labelled LYCISAWAUF.
  1677 | D:2      | 1677 ||| READING scroll labelled GIP ZEYRPHOUVY.
  1967 | D:3      | Reached XP level 5. HP: 29/32 MP: 5/5
  2387 | D:3      | 2387 ||| DROPPING +0 club.
  2648 | D:3      | 2648 ||| READING 2 scrolls labelled ESEFFIWEIWK.
  2649 | D:3      | 2649 ||| READING scroll labelled ANESIA ZARHAS.
  2650 | D:3      | 2650 ||| READING 2 scrolls of identify.
  2650 | D:3      | 2650 ||| IDENTIFYING dark potion
  2651 | D:3      | 2651 ||| DROPPING scroll of poison.
  2696 | D:4      | You fall into a shaft and drop 3 floors!
  2696 | D:7      | Found a transporter.
  2696 | D:7      | Found a transporter.
  2708 | D:7      | Noticed qw's ghost (novice MiFi)
  2775 | D:7      | HP: 6/32 [wight/+5 mace (4)]
  2778 | D:7      | Reached skill level 5 in Axes
  3036 | D:7      | Reached XP level 6. HP: 35/38 MP: 6/6
  3069 | D:7      | HP: 9/38 [kobold brigand/+0 dagger (3)]
  3071 | D:7      | Slain by a wight

Levels and vault maps discovered:
D:1:      erik_arrival_blinker_ship, layout_rooms,
          ebering_ecumenical_altar_rust, grunt_decor_cap,
          nicolae_kite_square_tiling_tiny, glass_columns_b
D:2:      layout_basic, basic_altar, uniq_natasha
D:3:      layout_loops_corners
D:4:      layout_layer_cave, minitemple, hangedman_decor_peaks_small,
          uniq_edmund
D:7:      layout_cave_pools, gammafunk_ghost_hive

Skill      XL: |  1  2  3  4  5 |
---------------+----------------+-----
Axes           | 2 3 4 5 |  5.5
Fighting       | 4 |  4.1
Armour         | |  3.2
Shields        | |  3.2

Action                   |  1- 3 |  4- 6 || total
-------------------------+-------+-------++-------
Melee: War axe           |    79 |    84 ||   163
Throw: Boomerang         |       |     4 ||     4
  Use: Scroll            |     2 |     7 ||     9
       Potion            |     1 |       ||     1
Armor: Scale mail        |    37 |     8 ||    45
       Plate armour      |       |    39 ||    39
Dodge: Dodged            |    35 |    27 ||    62
Block: Buckler           |    18 |    17 ||    35

Table legend:
 A = Non-vault XP
 B = Vault XP
 C = Vault XP percentage of total XP
 D = Non-vault monster count
 E = Vault monster count
 F = Vault count percentage of total count
                 A         B        C        D         E       F
            +---------+---------+-------+---------+---------+-------
      Total |     376 |      35 |   8.5 |      49 |       1 |   2.0
            +---------+---------+-------+---------+---------+-------
        D:1 |      21 |       0 |   0.0 |      14 |       0 |   0.0
        D:2 |      63 |      35 |  35.7 |      15 |       1 |   6.2
        D:3 |      71 |       0 |   0.0 |      16 |       0 |   0.0
        D:7 |     221 |       0 |   0.0 |       4 |       0 |   0.0
            +---------+---------+-------+---------+---------+-------
